 Dungeon Crawl Stone Soup version 0.29.0-13-gc9e81de378 (webtiles) character file.

Game seed: 17547210916386305570

10258 mdonais the Fighter (level 11, -2/77 HPs)
             Began as an Octopode Cinder Acolyte on Sept 9, 2022.
             Was a High Priest of Ignis.
             Slain by a spriggan
             ... wielding a +0 rapier of speed
              (15 damage)
             ... on level 1 of the Lair of Beasts.
             The game lasted 00:59:40 (18573 turns).

mdonais the Fighter (Octopode Cinder Acolyte)      Turns: 18573, Time: 00:59:41

Health: -2/77      AC:  8    Str: 27    XL:     11   Next: 59%
Magic:  4/23       EV: 16    Int: 26    God:    Ignis [*****.]
Gold:   553        SH: 11    Dex: 19    Spells: 20/26 levels left

rFire   + . .      SeeInvis .   n - +7 hammer of Distant Shores {drain, rElec Str+6}
rCold   . . .      Faith    .   D - +0 buckler
rNeg    + . .      Spirit   .   (helmet restricted)
rPois   +          Reflect  +   U - amulet of reflection
rElec   +          Harm     .   f - ring of positive energy
rCorr   .          Rampage  .   q - +6 ring of intelligence
Will    ++...                   y - ring of flight
Stlth   ++++......              E - +6 ring of dexterity
HPRegen 0.22/turn               K - ring "Cudaxel" {Will++ Str+6}
MPRegen 0.18/turn               o - ring of poison resistance
                                s - +6 ring of dexterity
                                (no ring)

@: ice-armoured, about to teleport, flying
A: almost no armour, amphibious, 8 rings, camouflage 1, gelatinous body 1,
(nimble swimmer 1), tentacles
a: Renounce Religion, Fiery Armour, Foxfire Swarm, Rising Flame


You were on level 1 of the Lair of Beasts.
You worshipped Ignis.
Ignis was extremely pleased with you.
You visited 2 branches of the dungeon, and saw 11 of its levels.
You also visited: Ossuary.

You collected 553 gold pieces.

Inventory:

Hand Weapons
 a - a -1 short sword of flaming
 c - the +3 hammer of Wrath {flame, rN+ Will+ Stlth+}
   (You found it on level 2 of the Dungeon)

   It burns those it strikes, dealing additional fire damage.
   rN:        It protects you from negative energy.
   Will:      It increases your willpower.
   Stlth:     It makes you more stealthy.
 n - the +7 hammer of Distant Shores (weapon) {drain, rElec Str+6}
   (You found it on level 2 of the Dungeon)

   A truly terrible weapon, it drains the life of any living foe it strikes.
   Str:       It affects your strength (+6).
   rElec:     It insulates you from electricity.
 u - a +1 dagger of venom
   (You took it off an orc on level 3 of the Dungeon)
Missiles
 e - 28 poisoned darts (quivered)
 t - 17 boomerangs
Armour
 D - a +0 buckler (worn)
   (You took it off a gnoll sergeant on level 6 of the Dungeon)
Magical Staves
 x - a staff of conjuration
   (You found it on level 5 of the Dungeon)
Jewellery
 f - a ring of positive energy (left tentacle)
   (You found it on level 1 of the Dungeon)
 o - a ring of poison resistance (on tentacle)
   (You found it on level 1 of the Lair of Beasts)
 q - a +6 ring of intelligence (right tentacle)
   (You found it on level 2 of the Dungeon)
 s - a +6 ring of dexterity (on tentacle)
   (You found it on level 1 of the Lair of Beasts)
 y - a ring of flight (on tentacle)
   (You found it on level 6 of the Dungeon)
 E - a +6 ring of dexterity (on tentacle)
   (You found it on level 6 of the Dungeon)
 K - the ring "Cudaxel" (on tentacle) {Will++ Str+6}
   (You took it off a wight on level 7 of the Dungeon)

   [ring of strength]

   Str:       It affects your strength (+6).
   Will:      It greatly increases your willpower.
 U - an amulet of reflection (around mantle)
   (You found it on level 1 of the Lair of Beasts)
Wands
 G - a wand of mindburst (15)
   (You found it on level 7 of the Dungeon)
 I - a wand of iceblast (6)
   (You took it off a hobgoblin on level 4 of the Dungeon)
 P - a wand of paralysis (6)
   (You found it on level 1 of the Lair of Beasts)
 Q - a wand of polymorph (9)
   (You found it on level 8 of the Dungeon)
 V - a wand of flame (13)
   (You found it on level 6 of the Dungeon)
Scrolls
 b - a scroll of amnesia
 g - 4 scrolls of poison
 i - 2 scrolls of vulnerability
 k - 2 scrolls of butterflies
 m - a scroll of summoning
 B - a scroll of fear
 C - 2 scrolls of immolation
 F - 2 scrolls of noise {unknown}
 L - 2 scrolls of silence
 N - 5 scrolls of enchant weapon
 O - a scroll of enchant armour
 S - a scroll of blinking {unknown}
 T - 4 scrolls of teleportation
Potions
 d - a potion of heal wounds
 h - 5 potions of brilliance {unknown}
 j - a potion of degeneration {unknown}
 l - 3 potions of flight
 p - 2 potions of attraction {unknown}
 r - a potion of resistance {unknown}
 v - 6 potions of curing {unknown}
 w - a potion of ambrosia {unknown}
 z - 2 potions of mutation {unknown}
 A - 4 potions of magic {unknown}
 H - 5 potions of haste
 M - a potion of berserk rage {unknown}
 R - 4 potions of lignification


   Skills:
 - Level 8.0 Fighting
 - Level 3.0 Short Blades
 - Level 4.0 Maces & Flails
 - Level 2.0 Throwing
 + Level 6.4 Dodging
 - Level 6.0 Stealth
 - Level 4.0 Shields
 - Level 8.0 Spellcasting
 - Level 1.3 Necromancy
 - Level 6.0 Fire Magic
 + Level 4.5 Ice Magic
 + Level 6.9 Evocations


You had 20 spell levels left.
You knew the following spells:

 Your Spells              Type           Power      Damage    Failure   Level
a - Necrotise             Necr           68%        1d7       4%          1
b - Scorch                Fire           82%        2d9       1%          2
c - Ozocubu's Armour      Ice            34%        N/A       3%          3

Your spell library contained the following spells:

 Spells                   Type           Power      Damage    Failure   Level
 Ensorcelled Hibernation  Hex/Ice        44%        N/A       4%          2
 Sublimation of Blood     Necr           17%        N/A       6%          2
 Sandblast                Erth           20%        2d7       7%          1
 Slow                     Hex            40%        N/A       7%          1
 Passwall                 Tmut/Erth      8%         N/A       11%         2
 Wereblood                Tmut           10%        N/A       11%         2
 Vampiric Draining        Necr           17%        2d7       12%         3
 Confusing Touch          Hex            10%        N/A       22%         3
 Spider Form              Tmut/Pois      10%        N/A       22%         3
 Stone Arrow              Conj/Erth      20%        3d8       22%         3
 Anguish                  Hex/Necr       6%         N/A       47%         4
 Metabolic Englaciation   Hex/Ice        11%        N/A       61%         5
 Agony                    Necr           17%        N/A       75%         5
 Simulacrum               Ice/Necr       12%        N/A       97%         6
 Dispersal                Tloc           5%         N/A       100%        6
 Summon Hydra             Summ           5%         N/A       100%        7
 Disjunction              Tloc           5%         N/A       100%        8


Dungeon Overview and Level Annotations

Branches:
Dungeon (10/15) Zot: 24501  Temple (0/1) D:7            Lair (1/5) D:10 Zot: 4273
    Orc (0/2) D:9         Ossuary (visited)

Altars:
Kikubaaqudgha
Sif Muna
Xom
Zin
The Shining One

Shops:
D:4 :   D:6 :=

Annotations:
D:8 3 runed translucent doors, pigah's ghost, novice OpAE
D:10 dig bugs


Innate Abilities, Weirdness & Mutations

You cannot wear most types of armour.
You are amphibious.
You can wear up to eight rings at the same time.
Your skin changes colour to match your surroundings (Stealth+).
Your rubbery body absorbs attacks. (AC +1, EV +1)
((You are camouflaged when in or above water. (Stealth+)))
You have tentacles for arms and can constrict up to eight enemies at once.


Message History

The spriggan is heavily wounded.
The spriggan's fire resistance burns away.
You block the spriggan's attack.
You now have 5/23 mp.
Casting: Scorch (safe; 1% risk of failure)
Confirm with . or Enter, or press ? or * to list all spells.
Flames lash the spriggan.
The spriggan is burned terribly!
The spriggan is almost dead.
The spriggan hits you but does no damage.
You now have 3/23 mp.
Casting: Scorch (safe; 1% risk of failure)
Confirm with . or Enter, or press ? or * to list all spells.
Flames lash the spriggan.
The spriggan is burned terribly!
You kill the spriggan!
You now have 2/23 mp.
Casting: Scorch (safe; 1% risk of failure)
Confirm with . or Enter, or press ? or * to list all spells.
You can't see any susceptible monsters within range! (Use Z to cast anyway.)
Your icy armour cracks and falls away as you move.
You start resting.
HP restored.
Health restored: 77 You regained 13 mp, and now have 16/23 mp.
You start resting.
Magic restored.
MP restored: 23 Search for what [Enter for "demon", or ? for help]? armor
Items here: )) [[[ †.
Things that are here:
a +0 dagger; a +0 robe; a spriggan corpse
Found a helmet.
A spriggan comes into view. It is wielding a +0 rapier.
Casting: Scorch (safe; 1% risk of failure)
Confirm with . or Enter, or press ? or * to list all spells.
Flames lash the spriggan.
The spriggan shouts!
The spriggan is severely wounded.
The spriggan's fire resistance burns away.
You hear a shout!
You hear a trumpeting!
A bullfrog comes into view.
A spriggan comes into view. It is wielding a +0 rapier of speed.
The spriggan hits you with a +0 rapier!!
The bullfrog gives a loud, deep croak!
You take 19 damage, and have 58/77 hp.
MASSIVE DAMAGE!!
You now have 21/23 mp.
Casting: Scorch (safe; 1% risk of failure)
Confirm with . or Enter, or press ? or * to list all spells.
Flames lash the spriggan.
The spriggan is burned terribly!
You kill the spriggan!
You hear a trumpeting!
An elephant comes into view.
You now have 19/23 mp.
Casting: Scorch (safe; 1% risk of failure)
Confirm with . or Enter, or press ? or * to list all spells.
A film of ice covers your body! The spriggan completely misses you.
The spriggan misses you.
You now have 16/23 mp.
Okay, then.
Casting: Ozocubu's Armour (dangerous; 3% risk of failure)
Confirm with . or Enter, or press ? or * to list all spells.
Aiming: Necrotise (safe; 4% risk of failure)
Press: ? - help, Shift-Dir - straight line, f - spriggan
Aim: a spriggan, wielding a +0 rapier of speed and wearing a +0 robe (chance to affect: 41%)
Okay, then.
Unknown command.
Casting: Necrotise (safe; 4% risk of failure)
Confirm with . or Enter, or press ? or * to list all spells.
Flames lash the bullfrog.
The bullfrog is moderately wounded.
The bullfrog's fire resistance burns away.
You block the spriggan's attack.
You now have 14/23 mp.
Casting: Scorch (safe; 1% risk of failure)
Confirm with . or Enter, or press ? or * to list all spells.
Flames lash the elephant but do no damage.
You block the spriggan's attack. The spriggan closely misses you.
You now have 12/23 mp.
Casting: Scorch (safe; 1% risk of failure)
Confirm with . or Enter, or press ? or * to list all spells.
Flames lash the elephant.
The elephant is lightly wounded.
The elephant's fire resistance burns away.
The spriggan completely misses you.
You now have 11/23 mp.
Casting: Scorch (safe; 1% risk of failure)
Confirm with . or Enter, or press ? or * to list all spells.
Flames lash the elephant.
The elephant is burned terribly!
The elephant is moderately wounded.
The spriggan hits you with a +0 rapier of speed!
The spriggan hits you with a +0 rapier of speed.
You take 11 damage, and have 48/77 hp.
You now have 9/23 mp.
Casting: Scorch (safe; 1% risk of failure)
Confirm with . or Enter, or press ? or * to list all spells.
Flames lash the elephant.
The elephant is burned terribly!
The elephant is heavily wounded.
The bullfrog is no longer more vulnerable to fire.
You block the spriggan's attack.
You now have 7/23 mp.
Casting: Scorch (safe; 1% risk of failure)
Confirm with . or Enter, or press ? or * to list all spells.
Flames lash the bullfrog.
The bullfrog is heavily wounded.
The bullfrog's fire resistance burns away.
You block the spriggan's attack.
The spriggan hits you with a +0 rapier of speed!
You take 16 damage, and have 32/77 hp.
MASSIVE DAMAGE!!
You now have 5/23 mp.
As you read the scroll of teleportation, it crumbles to dust.
You feel strangely unstable.
The spriggan hits you with a +0 rapier of speed.
You take 5 damage, and have 27/77 hp.
Casting: Scorch (safe; 1% risk of failure)
Confirm with . or Enter, or press ? or * to list all spells.
Flames lash the spriggan.
The spriggan is lightly wounded.
The spriggan's fire resistance burns away.
The spriggan hits you with a +0 rapier of speed.
* * * LOW HITPOINT WARNING * * *
The spriggan hits you with a +0 rapier of speed!
* * * LOW HITPOINT WARNING * * *
You take 14 damage, and have 13/77 hp.
You now have 4/23 mp.
Your icy armour will break if you move.
Continue?
Okay, then.
Unknown command.
Okay, then.
Unknown command.
Okay, then.
Unknown command.
Okay, then.
Unknown command.
Throw: 2 darts (atropa)
Press: ? - help, Q - select action, (/) - cycle Shift-Dir - straight line, f - spriggan
Aim: a spriggan, wielding a +0 rapier of speed and wearing a +0 robe (lightly wounded, more vulnerable to fire, 42% to hit, chance to blind on hit: 46%)
You throw an atropa-tipped dart.
The atropa-tipped dart closely misses the spriggan.
The atropa-tipped dart hits the bullfrog.
The bullfrog appears confused.
The bullfrog is heavily wounded.
The spriggan completely misses you.
The bullfrog misses the spriggan.
Throw: dart (atropa)
Press: ? - help, Q - select action, (/) - cycle Shift-Dir - straight line, f/p - spriggan
Aim: a spriggan, wielding a +0 rapier of speed and wearing a +0 robe (lightly wounded, more vulnerable to fire, 42% to hit, chance to blind on hit: 46%)
You throw an atropa-tipped dart.
The atropa-tipped dart barely misses the spriggan.
The atropa-tipped dart hits the elephant.
The elephant resists.
The elephant is heavily wounded.
The bullfrog croaks.
The bullfrog is no longer more vulnerable to fire.
The bullfrog hits the spriggan.
The spriggan hits you with a +0 rapier of speed!
You die... ##......# #.......# ##......# ♣♣♣♣ #......# ..$♣ ##......# [.. ♣ #.......# ..♣♣♣ ♣♣ ##......# .YF

♣♣♣♣. #......# ♣i♣ ♣.♣♣♣♣))..
#......# ♣@♣♣ ♣.....♣♣♣ #......#
♣♣.♣♣♣ ♣♣♣♣...♣ #......## ♣♣..♣♣♣
♣♣...♣♣ #.......## ♣♣♣..♣♣♣
♣...... #........##
♣♣♣..♣♣♣..♣♣♣♣ #.........###
♣♣♣....♣♣ ##...........####
♣♣♣♣♣♣ #...............####
##.................##############


You could see an elephant (combustible), a spriggan (combustible) and a bullfrog
(wandering, confused, blind).

Vanquished Creatures
  A two-headed ogre (D:8)
  Pikel (D:10)
  5 black mambas (Lair:1)
  A cane toad (Lair:1)
  2 rime drakes (Lair:1)
  A komodo dragon (Lair:1)
  A troll (D:9)
  A polar bear (Lair:1)
  A shadow (D:10)
  3 yaks (D:9)
  5 spriggans (Lair:1)
  2 vampire mosquitoes
  Menkaure (D:7)
  An acid dragon (D:9)
  Duvessa (D:7)
  2 water moccasins (Lair:1)
  3 black bears
  2 orc warriors
  An ogre (D:4)
  The ghost of liarliar the Caller, an amateur HOSu (D:4)
  A phantom (D:4)
  4 lemures (D:9)
  A centaur (D:4)
  8 bullfrogs
  2 kobold brigands (D:8)
  3 gnoll sergeants
  A necrophage (D:7)
  2 scorpions (D:6)
  5 wights (D:7)
  Dowan (D:7)
  6 killer bees
  2 electric eels
  3 howler monkeys (D:10)
  2 jellies (D:4)
  5 hounds (D:5)
  An orc priest (D:10)
  Crazy Yiuf (D:2)
  A gnoll bouda (D:6)
  3 iguanas (D:6)
  10 orc wizards
  4 mummies (Ossuary)
  15 gnolls
  5 adders
  A shadow imp (D:7)
  4 worms (D:3)
  2 dart slugs
  32 orcs
  8 endoplasms
  4 giant cockroaches
  4 gnoll zombies (Ossuary)
  6 goblins
  4 hobgoblins
  4 jackals
  A quokka (D:3)
  6 ball pythons
  7 bats
  4 gnoll skeletons (Ossuary)
  6 goblin skeletons (Ossuary)
  4 goblin zombies (Ossuary)
  3 hobgoblin skeletons (Ossuary)
  3 hobgoblin zombies (Ossuary)
  18 kobolds
  5 kobold skeletons (Ossuary)
  8 kobold zombies
  3 orc skeletons (Ossuary)
  4 orc zombies (Ossuary)
  4 rats
  4 rat skeletons (Ossuary)
  3 rat zombies (Ossuary)
274 creatures vanquished.

Vanquished Creatures (collateral kills)
  Grum (D:10)
  4 wolves (D:10)
5 creatures vanquished.

Vanquished Creatures (others)
  4 fungi
  12 plants
16 creatures vanquished.

Grand Total: 295 creatures vanquished

Notes
Turn   | Place    | Note
-------+----------+-------------------------------------------
     0 | D:1      | mdonais the Octopode Cinder Acolyte began the quest for the
                  | Orb.
     0 | D:1      | Reached XP level 1. HP: 16/16 MP: 2/2
    72 | D:1      | Reached skill level 1 in Stealth
   338 | D:1      | Learned a level 1 spell: Necrotise
   480 | D:1      | Reached XP level 2. HP: 21/21 MP: 1/3
   504 | D:1      | Found a faded altar of an unknown god.
   509 | D:1      | Got Plato's Disquisition on Charms
   515 | D:1      | Learned a level 2 spell: Scorch
  1402 | D:2      | Reached XP level 3. HP: 9/26 MP: 1/4
  1784 | D:2      | Identified the +7 hammer of Distant Shores {drain, rElec
                  | Str+6}
  1790 | D:2      | Found a runed translucent door.
  1791 | D:2      | Noticed Crazy Yiuf
  1876 | D:2      | Reached skill level 1 in Necromancy
  2664 | D:2      | Killed Crazy Yiuf
  2665 | D:2      | Reached XP level 4. HP: 7/31 MP: 0/6
  2668 | D:2      | Identified the +3 hammer of Wrath {flame, rN+ Will+ Stlth+}
  2890 | D:2      | Learned a level 3 spell: Ozocubu's Armour
  2943 | D:3      | Found a glowing golden altar of the Shining One.
  3083 | D:3      | Reached skill level 1 in Maces & Flails
  3589 | D:3      | Reached XP level 5. HP: 29/36 MP: 2/8
  3918 | D:3      | Found an ancient bone altar of Kikubaaqudgha.
  4018 | D:4      | Noticed liarliar's ghost (amateur HOSu)
  4018 | D:4      | Found a runed translucent door.
  4335 | D:4      | Reached XP level 6. HP: 42/42 MP: 1/9
  4770 | D:4      | Found a shimmering altar of Xom.
  4886 | D:4      | Found Ubbyr's Tremendous Tomes.
  4920 | D:4      | Reached skill level 1 in Dodging
  4920 | D:4      | Reached XP level 7. HP: 26/48 MP: 3/10
  5076 | D:4      | Reached skill level 1 in Evocations
  5854 | D:4      | Killed liarliar's ghost
  5975 | D:5      | Entered Level 5 of the Dungeon
  6212 | D:5      | Found a glowing silver altar of Zin.
  6844 | D:5      | Reached XP level 8. HP: 54/54 MP: 7/12
  7037 | D:6      | Found Bidahej's Jewellery Shop.
  7103 | D:6      | Reached skill level 5 in Fire Magic
  8095 | D:6      | Found Vatager's Vocational Training.
  8130 | D:6      | Found Vatager's Vocational Training.
  8151 | D:6      | Found Bidahej's Jewellery Shop.
  8647 | D:7      | Reached skill level 1 in Ice Magic
  8758 | D:7      | Found a staircase to the Ecumenical Temple.
  8805 | D:7      | Noticed Dowan
  8997 | D:6      | Reached skill level 5 in Fighting
  8997 | D:6      | Reached XP level 9. HP: 31/61 MP: 5/15
  9228 | D:7      | Identified the +6 scale mail of Failure {rPois Will+++ MP-9
                  | Dex-2}
  9245 | D:7      | Identified the ring "Cudaxel" {Will++ Str+6}
  9248 | D:7      | Reached skill level 1 in Shields
  9259 | D:7      | Found a shimmering blue altar of Sif Muna.
  9378 | D:7      | Noticed Duvessa
  9441 | D:7      | Noticed Menkaure
  9461 | D:7      | Killed Menkaure
 10051 | D:8      | Found a sand-covered staircase.
 10057 | Ossuary  | Entered an ossuary
 11880 | D:8      | Found a runed translucent gate.
 11968 | D:8      | Noticed a two-headed ogre
 12312 | D:8      | Killed a two-headed ogre
 12313 | D:8      | Reached skill level 5 in Spellcasting
 12515 | D:8      | Found a runed translucent gate.
 12515 | D:8      | Found a runed translucent gate.
 12516 | D:8      | Noticed pigah's ghost (novice OpAE)
 12895 | D:9      | Reached XP level 10. HP: 62/68 MP: 9/17
 12898 | D:9      | Reached skill level 5 in Stealth
 13009 | D:9      | Found a staircase to the Orcish Mines.
 13010 | D:9      | Noticed Pikel
 13854 | D:9      | Reached skill level 5 in Evocations
 14005 | D:9      | Reached skill level 1 in Throwing
 14353 | D:10     | Entered Level 10 of the Dungeon
 14440 | D:10     | Found a staircase to the Lair.
 15202 | D:10     | Killed Pikel
 15203 | D:10     | Reached skill level 5 in Dodging
 15530 | D:10     | Noticed Grum
 15549 | D:10     | Killed Grum
 16415 | D:7      | Killed Duvessa
 16416 | D:7      | Killed Dowan
 16537 | Lair:1   | Entered Level 1 of the Lair of Beasts
 16581 | Lair:1   | Noticed a black mamba
 16593 | Lair:1   | HP: 3/71 [poisoned by a black mamba]
 16604 | Lair:1   | HP: 3/71 [poisoned by a black mamba]
 16605 | Lair:1   | Killed a black mamba
 16606 | Lair:1   | Reached XP level 11. HP: 3/75 MP: 9/21
 18573 | Lair:1   | Slain by a spriggan

Illustrated notes

Levels and vault maps discovered:
D:1:      enne_arrival_octagon_isle, layout_basic,
          shapermc_ecumenical_altar_rom_forum
D:2:      layout_loops_corners, uniq_crazy_yiuf_cottage
D:3:      layout_rooms, kiku_gazebo_pond_becter, nicolae_overflow_crystal_walls
D:4:      layout_basic, mainiacjoe_overflow_chevrons, serial_curves,
          eino_curves_04, eino_curves_03, eino_curves_02, gammafunk_ghost_grave,
          nicolae_shop_i_like_big_books, hangedman_decor_diamond_cutter
D:5:      layout_loops_cross, kennysheep_mini_moat,
          corexii_item_surrounded_by_moat
D:6:      layout_basic, chequers_serial_rivers_small_3, serial_park_tiny_1,
          st_stairs_11, hangedman_abyss_or_decor_stabs,
          nicolae_wooded_promenade, nicolae_shop_vocational
D:7:      layout_gridville, minmay_temple_entry_tees, minmay_ruined_shrine,
          uniq_duvessa, uniq_menkaure
D:8:      layout_cave_pools, enter_ossuary_3, gammafunk_ghost_nasty_kobolds
D:9:      layout_small_grid, orc_0_dummy, kennysheep_generic_room_4, uniq_pikel
D:10:     layout_layer_cave, dpeg_oklobed_lair, hive_lemuel, uniq_grum
Lair:1:   kb_forest_paths, layout_regular_city, hangedman_lair_generics_rect

Skill      XL: |  1  2  3  4  5  6  7  8  9 10 11 |
---------------+----------------------------------+-----
Stealth        | 2 3 4 6 |  6.0
Necromancy     | 1 |  1.3
Maces & Flails | 2 4 |  4.0
Spellcasting   | 2 3 4 5 7 8 |  8.0
Fighting       | 4 5 6 7 8 |  8.0
Dodging        | 1 2 3 4 5 6 |  6.4
Evocations     | 3 5 6 |  6.9
Fire Magic     | 4 6 |  6.0
Ice Magic      | 2 4 |  4.5
Shields        | 4 |  4.0
Throwing       | 2 |  2.0
Short Blades   | |  3.0

Action                   |  1- 3 |  4- 6 |  7- 9 | 10-12 || total
-------------------------+-------+-------+-------+-------++-------
Melee: Short sword       |    50 |       |       |       ||    50
       Tentacles         |     9 |     5 |     1 |       ||    15
       Constrict         |    11 |     3 |     2 |       ||    16
       Mace              |     4 |    25 |    16 |     4 ||    49
Throw: Boomerang         |       |     6 |    45 |     3 ||    54
       Dart              |       |       |    19 |    29 ||    48
 Cast: Necrotise         |     6 |     2 |       |       ||     8
       Scorch            |    14 |    60 |   219 |   191 ||   484
       Ozocubu's Armour  |       |       |     1 |    15 ||    16
Evoke: Wand              |       |     1 |     2 |     5 ||     8
  Use: Potion            |     2 |     2 |       |     1 ||     5
       Scroll            |       |     4 |    10 |     5 ||    19
 Stab: Sleeping          |     4 |     1 |       |       ||     5
       Distracted        |       |     1 |       |       ||     1
Armor: Skin              |     4 |     3 |       |     8 ||    15
Dodge: Dodged            |    37 |    14 |    40 |    65 ||   156
Block: Buckler           |       |       |     3 |    35 ||    38
